 Dungeon Crawl Stone Soup version 0.22-a0-223-g0f5d773 (webtiles) character file.

66 Partyfoot the Skirmisher (level 3, -7/29 HPs)
             Began as a Demonspawn Monk on Feb 18, 2018.
             Mangled by Terence
             ... wielding a +0 flail
              (9 damage)
             ... on level 2 of the Dungeon.
             The game lasted 00:06:37 (2247 turns).

Partyfoot the Skirmisher (Demonspawn Monk)          Turns: 2247, Time: 00:06:37

Health: -7/29      AC:  4    Str: 11    XL:     3   Next: 96%
Magic:  3/3        EV: 13    Int: 11    God:
Gold:   187        SH:  0    Dex: 16    Spells: 2/2 levels left

rFire    . . .     SeeInvis .     - Unarmed
rCold    . . .     Gourm    .   (no shield)
rNeg     . . .     Faith    .   a - +0 robe
rPois    .         Spirit   .   (no helmet)
rElec    .         Reflect  .   (no cloak)
rCorr    .         Harm     .   (no gloves)
MR       .....                  (no boots)
Stlth    ++........             (no amulet)
HPRegen  0.09/turn              (no ring)
MPRegen  0.08/turn              (no ring)

@: no status effects
A: molten scales 1
a: no special abilities


You were on level 2 of the Dungeon.
You were very hungry.

You visited 1 branch of the dungeon, and saw 2 of its levels.

You collected 187 gold pieces.

Inventory:

Missiles
 d - 94 stones (quivered)
Armour
 a - a +0 robe (worn)
Jewellery
 i - a +3 ring of dexterity {unknown}
 k - a cursed -3 ring of strength {unknown}
Scrolls
 e - a scroll of blinking {unknown}
 f - 5 scrolls of identify {unknown}
 g - a scroll of enchant armour {unknown}
 j - a scroll of remove curse {unknown}
Potions
 c - 2 potions of curing {unknown}
 h - a potion of berserk rage {unknown}
 l - a potion of agility {unknown}
Comestibles
 b - 5 rations


   Skills:
 + Level 3.5 Fighting
 + Level 3.1 Dodging
 + Level 2.6 Stealth
 + Level 3.2 Unarmed Combat


You had 2 spell levels left.
You didn't know any spells.

Dungeon Overview and Level Annotations

Branches:
Dungeon (2/15)

Altars:

Annotations:
D:2 Terence


Innate Abilities, Weirdness & Mutations

You are partially covered in molten scales. (AC +2)


Message History

Terence misses you.
You hit Terence.
Terence is almost dead.
Terence barely misses you.
You hit Terence but do no damage.
Terence is almost dead.
You hit Terence but do no damage.
Terence is almost dead.
Terence completely misses you.
You barely miss Terence.
Terence is almost dead.
Terence hits you with a flail.
* * * LOW HITPOINT WARNING * * *
You hit Terence but do no damage.
Terence is almost dead.
Terence closely misses you.
You closely miss Terence.
Terence is almost dead.
Terence hits you with a flail!
You die...

##### #########...#
#.######## #............
....ws@@>###.#######...#
..##.###.....# #####
#######


You could see Terence, a dart slug and a giant cockroach.

Vanquished Creatures
  An adder (D:2)
  2 worms
  3 leopard geckos
  8 bats (D:1)
  4 giant cockroaches
  6 goblins
  5 hobgoblins
  7 kobolds
  A quokka (D:2)
  A ball python (D:1)
  6 frilled lizards
  2 rats (D:2)
46 creatures vanquished.

Notes
Turn   | Place    | Note
-------+----------+-------------------------------------------
     0 | D:1      | Partyfoot the Demonspawn Monk began the quest for the Orb.
     0 | D:1      | Reached XP level 1. HP: 18/18 MP: 1/1
   246 | D:1      | Gained mutation: You are partially covered in molten scales. (AC +2) [demonic ancestry]
   246 | D:1      | Reached XP level 2. HP: 10/24 MP: 2/2
  1128 | D:1      | Reached XP level 3. HP: 29/29 MP: 3/3
  2210 | D:2      | Noticed Terence
  2247 | D:2      | Mangled by Terence

Vault maps used:
D:1:      evilmike_arrival_run_for_it
D:2:      uniq_terence, uniq_natasha

Skill      XL: |  1  2 |
---------------+-------+-----
Stealth        | 2 |  2.6
Dodging        | 3 |  3.1
Unarmed Combat | 3 |  3.2
Fighting       | |  3.5

Action                   || total
-------------------------++-------
Melee: Unarmed           ||   235
       Punch             ||     2
 Stab: Sleeping          ||    11
  Eat: Chunk             ||     3
Armor: Robe              ||    78
Dodge: Dodged            ||   174

Table legend:
 A = Spawn XP
 B = Non-spawn XP
 C = Spawn XP percentage of total XP
 D = Spawn monster count
 E = Non-spawn monster count
 F = Spawn count percentage of total count
 G = Total turns spent on level
                    A         B        C        D         E        F      G
               +---------+---------+-------+---------+---------+-------+---------
         Total |       0 |      95 |   0.0 |       0 |      46 |   0.0 |  2247
               +---------+---------+-------+---------+---------+-------+---------
           D:1 |       0 |      57 |   0.0 |       0 |      31 |   0.0 |  1667
           D:2 |       0 |      38 |   0.0 |       0 |      15 |   0.0 |   580
               +---------+---------+-------+---------+---------+-------+---------
